Canucks vs Maple Leafs
Created - December 29, 2021 at 19:14
Goals
|
| Canucks |
1 |
0 |
1 |
2 |
| Maple Leafs |
3 |
1 |
0 |
4 |
|
Shots
|
| Canucks |
9 |
13 |
10 |
32 |
| Maple Leafs |
14 |
13 |
12 |
39 |
|
1st period
1. Maple Leafs , Claude Giroux 7 (Ryan Parent 3, Patrick Kane 4) at 2:29
2. Maple Leafs , Patrick Kane 5 (Claude Giroux 8, Brayden Schenn 8) at 7:45 (PP)
3. Maple Leafs , Jake Guentzel 6 (Andre Burakovsky 2, John Klingberg 2) at 18:54
4. Canucks , Alex Goligoski 3 (Sam Gagner 6, Robert Nilsson 11) at 19:49 (PP)
Penalties :
Robert Nilsson (Van) for Roughing (Minor) at 7:40, Yann Sauvé (Van) for Hooking (Minor) at 10:31, Patrick Kane (TOR) for Hooking (Minor) at 18:59
2nd period
5. Maple Leafs , Logan Couture 2 (Beau Bennett 1, Brandon Saad 2) at 16:08
Penalties :
Mike Cammalleri (Van) for Tripping (Minor) at 3:01, Brandon Gormley (Van) for Holding (Minor) at 5:21, Claude Giroux (TOR) for High sticking (Minor) at 16:31
3rd period
6. Canucks , Robert Nilsson 5 (Sam Gagner 7, Alex Goligoski 6) at 10:32 (PP)
Penalties :
Cory Schneider (Van) for Slashing (Minor) at 3:15 - Yann Sauvé served the penalty, Hampus Lindholm (TOR) for Tripping (Minor) at 8:04, Beau Bennett (TOR) for Hooking (Minor) at 10:26, Jason Akeson (Van) for Elbowing (Minor) at 12:12
Goalie Stats
Cory Schneider (Van), 35 saves from 39 shots - (0.897), L, 3-4-1, 60:00 minutes
John Gibson (TOR), 30 saves from 32 shots - (0.938), W, 5-3-0, 60:00 minutes
Players Stats for Canucks
Player Name G A P +/- PIM S H SB GA TA FO MP PP MP PK MP
------------------------------------------------------------------------------------
Alex Goligoski 1 1 2 -1 0 3 2 0 1 0 0/0 30:13 3:31 6:16
Antoine Vermette 0 0 0 -1 0 0 0 0 0 0 1/1 5:37 0:00 1:33
Ben Smith 0 0 0 0 0 3 2 1 0 1 1/1 19:28 1:29 2:53
Brandon Gormley 0 0 0 -1 2 2 0 1 1 3 0/0 24:28 0:00 1:44
Cam Barker 0 0 0 -1 0 1 1 1 0 1 0/0 18:14 1:23 3:54
Cody Eakin 0 0 0 -1 0 3 5 0 1 1 7/14 19:21 1:29 3:25
Denis Gurianov 0 0 0 -1 0 1 0 0 0 0 0/0 7:23 3:25 0:00
Fabian Brunnstrom 0 0 0 0 0 0 0 0 0 0 0/0 12:40 0:00 1:32
Gustav Nyquist 0 0 0 0 0 0 0 0 0 0 0/0 0:09 0:00 0:00
Ilya Kovalchuk 0 0 0 -2 0 2 1 1 0 1 0/0 22:10 0:00 5:26
Jason Akeson 0 0 0 0 2 3 1 2 0 0 0/0 9:55 0:00 0:00
Jeff Schultz 0 0 0 -1 0 2 0 0 0 0 0/0 17:09 3:31 0:00
Maxim Talbot 0 0 0 0 0 1 0 0 0 0 2/4 9:56 0:00 0:00
Michael Kostka 0 0 0 -1 0 1 0 1 0 0 0/0 16:11 0:00 6:06
Mike Cammalleri 0 0 0 0 2 0 0 2 0 2 1/1 15:43 1:29 0:00
Robert Nilsson 1 1 2 -2 2 7 6 1 0 0 20/40 27:27 3:25 5:11
Sam Gagner 0 2 2 -2 0 3 0 2 0 1 2/3 19:54 3:25 0:00
Yann Sauvé 0 0 0 -1 2 0 0 0 0 0 0/0 13:57 1:23 2:00
Players Stats for Maple Leafs
Player Name G A P +/- PIM S H SB GA TA FO MP PP MP PK MP
------------------------------------------------------------------------------------
Andre Burakovsky 0 1 1 1 0 3 4 1 1 0 1/1 16:03 4:56 0:00
Beau Bennett 0 1 1 1 2 7 2 0 0 0 0/0 10:49 0:00 0:00
Bo Horvat 0 0 0 1 0 1 0 0 1 0 4/11 16:33 4:56 0:16
Brandon Saad 0 1 1 1 0 1 1 0 0 0 0/0 12:01 0:03 0:50
Brayden Schenn 0 1 1 1 0 4 1 1 0 1 20/38 23:50 5:01 3:47
Braydon Coburn 0 0 0 2 0 0 0 1 0 0 0/0 18:09 0:00 3:40
Claude Giroux 1 1 2 1 2 3 2 0 1 0 1/2 22:21 5:01 2:16
Hampus Lindholm 0 0 0 0 2 2 1 1 1 1 0/0 24:53 6:15 0:35
Jake Guentzel 1 0 1 1 0 2 3 2 0 0 0/1 18:33 4:56 2:07
John Klingberg 0 1 1 0 0 5 0 0 0 0 0/0 25:40 6:15 1:21
Jon Merrill 0 0 0 2 0 0 1 1 0 0 0/0 22:14 3:45 3:33
Logan Couture 1 0 1 1 0 1 2 0 1 0 3/9 11:57 0:03 0:32
Patrice Cormier 0 0 0 0 0 1 1 0 0 0 1/1 7:32 0:00 0:00
Patrick Kane 1 1 2 1 2 8 3 0 3 0 0/1 20:20 5:04 0:00
Pontus Aberg 0 0 0 0 0 0 0 0 1 1 0/0 7:32 0:00 0:00
Ryan Parent 0 1 1 1 0 0 0 0 0 0 0/0 12:45 0:00 0:39
Tim Schaller 0 0 0 0 0 0 1 0 0 0 0/0 7:32 0:00 0:00
Zach Werenski 0 0 0 1 0 1 1 1 1 0 0/0 16:18 3:45 0:00
3 Stars
1 - Jake Guentzel (TOR)
2 - Patrick Kane (TOR)
3 - Claude Giroux (TOR)
Power Play
Canucks - 2 on 4 Attempt(s) - 50.00%
Maple Leafs - 1 on 6 Attempt(s) - 16.67%
Penalty Kill
Canucks - 5 on 6 Attempt(s) - 83.33%
- Score 0 goal in Penalty Kill
Maple Leafs - 2 on 4 Attempt(s) - 50.00%
- Score 0 goal in Penalty Kill
Team Stat
Canucks - Hits : 18 - Faceoff Wins : 34 - Blocked Shots : 12 - Penalty Minutes : 12
Maple Leafs - Hits : 23 - Faceoff Wins : 30 - Blocked Shots : 8 - Penalty Minutes : 8
Official
Referees : Beaudry Halkidis and Furman South
Linesman : Michel Cormier and Matt MacPherson
Game Notes
No Game Note
Finance
Level 1 -- Attendance: 6000 (100.00%) -- Ticket Income $600,000
Level 2 -- Attendance: 4931 (98.62%) -- Ticket Income $295,860
Level 3 -- Attendance: 1948 (97.40%) -- Ticket Income $68,180
Level 4 -- Attendance: 3954 (98.85%) -- Ticket Income $98,850
Luxury Box -- Attendance: 964 (96.40%) -- Ticket Income $192,800
Game was played at the Scotiabank Arena.
Total Attendance: 17797 (98.87%)
Total Ticket Income: $1,255,690
Other Income: $188,354
Total Income: $1,444,044
Canucks
5 vs 5 Forward
Center Left Wing Right Wing Time % Phy DF OF
1 Robert Nilsson Sam Gagner Ilya Kovalchuk 55 1 2 2
2 Cody Eakin Mike Cammalleri Ben Smith 30 1 2 2
3 Maxim Talbot Fabian Brunnstrom Jason Akeson 10 1 2 2
4 Antoine Vermette Robert Nilsson Denis Gurianov 5 1 2 2
5 vs 5 Defense
Defense Defense Time % Phy DF OF
1 Brandon Gormley Alex Goligoski 55 1 2 2
2 Jeff Schultz Cam Barker 30 1 2 2
3 Michael Kostka Yann Sauvé 10 1 2 2
4 Brandon Gormley Jeff Schultz 5 1 2 2
PowerPlay Forward
Center Left Wing Right Wing Time % Phy DF OF
1 Robert Nilsson Sam Gagner Denis Gurianov 60 0 0 5
2 Cody Eakin Mike Cammalleri Ben Smith 40 1 2 2
PowerPlay Defense
Defense Defense Time % Phy DF OF
1 Jeff Schultz Alex Goligoski 60 0 0 5
2 Yann Sauvé Cam Barker 40 1 2 2
Penalty Kill 4 Players Forward
Center Wing Time % Phy DF OF
1 Robert Nilsson Ilya Kovalchuk 60 1 2 2
2 Ben Smith Cody Eakin 40 1 2 2
Penalty Kill 4 Players Defense
Defense Defense Time % Phy DF OF
1 Michael Kostka Alex Goligoski 60 1 2 2
2 Yann Sauvé Cam Barker 40 1 2 2
Penalty Kill - 3 Players Forward
Forward Time % Phy DF OF
1 Robert Nilsson 60 1 2 2
2 Ilya Kovalchuk 40 1 2 2
Penalty Kill - 3 Players Defense
Defense Defense Time % Phy DF OF
1 Yann Sauvé Alex Goligoski 60 1 2 2
2 Michael Kostka Cam Barker 40 1 2 2
4 vs 4 Forward
Center Wing Time % Phy DF OF
1 Robert Nilsson Ilya Kovalchuk 60 1 2 2
2 Sam Gagner Ben Smith 40 1 2 2
4 vs 4 Defense
Defense Defense Time % Phy DF OF
1 Jeff Schultz Alex Goligoski 60 1 2 2
2 Michael Kostka Cam Barker 40 1 2 2
Last Minutes Offensive
Center Left Wing Right Wing Defense Defense
Robert Nilsson Sam Gagner Ilya Kovalchuk Jeff Schultz Alex Goligoski
Last Minutes Defensive
Center Left Wing Right Wing Defense Defense
Robert Nilsson Sam Gagner Ilya Kovalchuk Jeff Schultz Alex Goligoski
Goaltenders
Starting : Cory Schneider
Backup : Pekka Rinne
Extra Forwards
Normal : Ben Smith, Fabian Brunnstrom, Cody Eakin - PP : Ben Smith, Fabian Brunnstrom - PK : Cody Eakin
Extra Defensemen
Normal : Jeff Schultz, Yann Sauvé, Brandon Gormley - PP : Jeff Schultz - PK : Yann Sauvé, Brandon Gormley
Penalty Shots
Robert Nilsson, Ilya Kovalchuk, Sam Gagner, Denis Gurianov, Ben Smith
Scratches
Ben Lovejoy (Healthy), Simon Despres (Healthy)
Maple Leafs
5 vs 5 Forward
Center Left Wing Right Wing Time % Phy DF OF
1 Brayden Schenn Claude Giroux Patrick Kane 40 1 2 2
2 Bo Horvat Jake Guentzel Andre Burakovsky 30 1 2 2
3 Logan Couture Brandon Saad Beau Bennett 20 1 2 2
4 Patrice Cormier Tim Schaller Pontus Aberg 10 1 2 2
5 vs 5 Defense
Defense Defense Time % Phy DF OF
1 Hampus Lindholm John Klingberg 40 1 2 2
2 Jon Merrill Braydon Coburn 30 1 2 2
3 Ryan Parent Zach Werenski 20 1 2 2
4 Hampus Lindholm John Klingberg 10 1 2 2
PowerPlay Forward
Center Left Wing Right Wing Time % Phy DF OF
1 Brayden Schenn Claude Giroux Patrick Kane 60 1 2 2
2 Bo Horvat Jake Guentzel Andre Burakovsky 40 1 2 2
PowerPlay Defense
Defense Defense Time % Phy DF OF
1 Hampus Lindholm John Klingberg 60 1 2 2
2 Jon Merrill Zach Werenski 40 1 2 2
Penalty Kill 4 Players Forward
Center Wing Time % Phy DF OF
1 Brayden Schenn Claude Giroux 60 1 2 2
2 Logan Couture Jake Guentzel 40 1 2 2
Penalty Kill 4 Players Defense
Defense Defense Time % Phy DF OF
1 Jon Merrill Braydon Coburn 60 1 2 2
2 Hampus Lindholm John Klingberg 40 1 2 2
Penalty Kill - 3 Players Forward
Forward Time % Phy DF OF
1 Brayden Schenn 60 1 2 2
2 Logan Couture 40 1 2 2
Penalty Kill - 3 Players Defense
Defense Defense Time % Phy DF OF
1 Braydon Coburn Jon Merrill 60 1 2 2
2 Hampus Lindholm John Klingberg 40 1 2 2
4 vs 4 Forward
Center Wing Time % Phy DF OF
1 Brayden Schenn Claude Giroux 60 1 2 2
2 Logan Couture Jake Guentzel 40 1 2 2
4 vs 4 Defense
Defense Defense Time % Phy DF OF
1 Hampus Lindholm John Klingberg 60 1 2 2
2 Jon Merrill Braydon Coburn 40 1 2 2
Last Minutes Offensive
Center Left Wing Right Wing Defense Defense
Brayden Schenn Claude Giroux Patrick Kane Hampus Lindholm John Klingberg
Last Minutes Defensive
Center Left Wing Right Wing Defense Defense
Brayden Schenn Claude Giroux Patrick Kane Braydon Coburn Jon Merrill
Goaltenders
Starting : John Gibson
Backup : Martin Jones
Extra Forwards
Normal : Jake Guentzel, Logan Couture, Bo Horvat - PP : Jake Guentzel, Logan Couture - PK : Jake Guentzel
Extra Defensemen
Normal : Braydon Coburn, Ryan Parent, Zach Werenski - PP : Braydon Coburn - PK : Braydon Coburn, Ryan Parent
Penalty Shots
Claude Giroux, Patrick Kane, Brayden Schenn, Andre Burakovsky, Jake Guentzel
Scratches
None
% Time on Ice - Canucks
Lines # - Real PCT - Wanted PCT - Time Play
Normal Forward
1 - 38% - 55% - 17:18
2 - 32% - 30% - 14:32
3 - 22% - 10% - 9:56
4 - 7% - 5% - 3:20
Normal Defense
1 - 47% - 55% - 21:17
2 - 27% - 30% - 12:00
3 - 22% - 10% - 10:05
4 - 4% - 5% - 1:44
PP Forward
1 - 70% - 60% - 3:25
2 - 30% - 40% - 1:29
PP Defense
1 - 72% - 60% - 3:31
2 - 28% - 40% - 1:23
PK Forward
1 - 71% - 60% - 7:07
2 - 29% - 40% - 2:53
PK Defense
1 - 61% - 60% - 6:06
2 - 39% - 40% - 3:54
PK3 Forward
1 - 0% - 60%
2 - 0% - 40%
PK3 Defense
1 - 0% - 60%
2 - 0% - 40%
44 Forward
1 - 0% - 60%
2 - 0% - 40%
44 Defense
1 - 0% - 60%
2 - 0% - 40%
Last Minute Offensive - 0:00
Last Minute Defensive - 0:00
Total
Forward - 60:00
Defense - 60:00
|
% Time on Ice - Maple Leafs
Lines # - Real PCT - Wanted PCT - Time Play
Normal Forward
1 - 35% - 40% - 15:37
2 - 25% - 30% - 11:07
3 - 24% - 20% - 10:50
4 - 17% - 10% - 7:32
Normal Defense
1 - 38% - 40% - 17:16
2 - 35% - 30% - 15:46
3 - 25% - 20% - 11:25
4 - 1% - 10% - 0:39
PP Forward
1 - 51% - 60% - 5:04
2 - 49% - 40% - 4:56
PP Defense
1 - 63% - 60% - 6:15
2 - 38% - 40% - 3:45
PK Forward
1 - 89% - 60% - 4:22
2 - 11% - 40% - 0:32
PK Defense
1 - 72% - 60% - 3:33
2 - 28% - 40% - 1:21
PK3 Forward
1 - 0% - 60%
2 - 0% - 40%
PK3 Defense
1 - 0% - 60%
2 - 0% - 40%
44 Forward
1 - 0% - 60%
2 - 0% - 40%
44 Defense
1 - 0% - 60%
2 - 0% - 40%
Last Minute Offensive - 0:00
Last Minute Defensive - 0:00
Total
Forward - 60:00
Defense - 60:00
|
Play-by-Play
1st period
0:01 of 1st period - Brayden Schenn wins face-off versus Robert Nilsson in neutral zone.
0:36 of 1st period - Snap shot by Bo Horvat.
0:36 of 1st period - Shot Blocked by Brandon Gormley.
0:38 of 1st period - Snap shot by Bo Horvat.
0:38 of 1st period - Shot Misses the Net.
2:21 of 1st period - Snap shot by Brayden Schenn.
2:21 of 1st period - Stopped by Cory Schneider with a rebound.
2:25 of 1st period - Snap shot by Patrick Kane.
2:25 of 1st period - Shot Blocked by Robert Nilsson.
2:27 of 1st period - Wrist shot by Ryan Parent.
2:27 of 1st period - Shot Misses the Net.
2:29 of 1st period - Slapshot by Claude Giroux.
2:29 of 1st period - Goal by Claude Giroux - Canucks : 0 - Maple Leafs : 1.
2:30 of 1st period - Bo Horvat wins face-off versus Robert Nilsson in neutral zone.
2:39 of 1st period - Snap shot by Jake Guentzel.
2:39 of 1st period - Shot Misses the Net.
2:59 of 1st period - Snap shot by Jason Akeson.
2:59 of 1st period - Shot Blocked by Jake Guentzel.
3:01 of 1st period - Slapshot by Cam Barker.
3:01 of 1st period - Stopped by John Gibson with a rebound.
3:28 of 1st period - Patrick Kane is hit by Cody Eakin and loses puck.
3:47 of 1st period - Backhand shot by Sam Gagner.
3:47 of 1st period - Stopped by John Gibson without a rebound.
3:48 of 1st period - Robert Nilsson wins face-off versus Logan Couture in Maple Leafs zone.
4:13 of 1st period - Patrick Kane is hit by Cody Eakin and loses puck.
4:20 of 1st period - Snap shot by Cody Eakin.
4:20 of 1st period - Stopped by John Gibson without a rebound.
4:21 of 1st period - Brayden Schenn wins face-off versus Robert Nilsson in Maple Leafs zone.
4:30 of 1st period - Snap shot by Patrick Kane.
4:30 of 1st period - Stopped by Cory Schneider with a rebound.
4:53 of 1st period - Ben Smith is hit by Jake Guentzel and loses puck.
6:27 of 1st period - Tim Schaller is hit by Robert Nilsson and loses puck.
6:40 of 1st period - Snap shot by Brayden Schenn.
6:40 of 1st period - Shot Hit the Post.
6:42 of 1st period - Wrist shot by Claude Giroux.
6:42 of 1st period - Stopped by Cory Schneider without a rebound.
6:43 of 1st period - Claude Giroux wins face-off versus Maxim Talbot in Canucks zone.
7:00 of 1st period - Slapshot by Patrick Kane.
7:00 of 1st period - Stopped by Cory Schneider with a rebound.
7:06 of 1st period - Brandon Gormley is hit by Claude Giroux and loses puck.
7:25 of 1st period - Backhand shot by Jason Akeson.
7:25 of 1st period - Stopped by John Gibson with a rebound.
7:27 of 1st period - Snap shot by Jason Akeson.
7:27 of 1st period - Stopped by John Gibson without a rebound.
7:28 of 1st period - Robert Nilsson wins face-off versus Bo Horvat in Maple Leafs zone.
7:29 of 1st period - Wrist shot by Sam Gagner.
7:29 of 1st period - Shot Misses the Net.
7:40 of 1st period - Minor Penalty to Robert Nilsson for Roughing.
7:41 of 1st period - Brayden Schenn wins face-off versus Cody Eakin in Canucks zone.
7:45 of 1st period - Snap shot by Patrick Kane.
7:45 of 1st period - Goal by Patrick Kane - Canucks : 0 - Maple Leafs : 2.
7:46 of 1st period - Robert Nilsson wins face-off versus Bo Horvat in neutral zone.
8:23 of 1st period - Wrist shot by Brandon Saad.
8:23 of 1st period - Stopped by Cory Schneider with a rebound.
8:25 of 1st period - Slapshot by Jon Merrill.
8:25 of 1st period - Deflect By Brandon Saad.
8:25 of 1st period - Shot Misses the Net.
8:25 of 1st period - Puck is out of play.
8:26 of 1st period - Cody Eakin wins face-off versus Brayden Schenn in Canucks zone.
8:26 of 1st period - Cody Eakin is hit by Claude Giroux.
8:59 of 1st period - Wrist shot by Andre Burakovsky.
8:59 of 1st period - Stopped by Cory Schneider without a rebound.
9:00 of 1st period - Robert Nilsson wins face-off versus Logan Couture in Canucks zone.
9:09 of 1st period - Wrist shot by Ilya Kovalchuk.
9:09 of 1st period - Shot Misses the Net.
10:03 of 1st period - Snap shot by Andre Burakovsky.
10:03 of 1st period - Deflect By Jake Guentzel.
10:03 of 1st period - Stopped by Cory Schneider with a rebound.
10:31 of 1st period - Minor Penalty to Yann Sauvé for Hooking.
10:32 of 1st period - Brayden Schenn wins face-off versus Robert Nilsson in Canucks zone.
11:04 of 1st period - Wrist shot by Bo Horvat.
11:04 of 1st period - Stopped by Cory Schneider with a rebound.
11:06 of 1st period - Slapshot by John Klingberg.
11:06 of 1st period - Stopped by Cory Schneider without a rebound.
11:07 of 1st period - Brayden Schenn wins face-off versus Robert Nilsson in Canucks zone.
12:31 of 1st period - Penalty to Yann Sauvé is over, Yann Sauvé is back on ice.
13:54 of 1st period - Slapshot by Hampus Lindholm.
13:54 of 1st period - Stopped by Cory Schneider with a rebound.
13:56 of 1st period - Snap shot by Hampus Lindholm.
13:56 of 1st period - Shot Blocked by Ben Smith.
13:58 of 1st period - Backhand shot by Logan Couture.
13:58 of 1st period - Shot Blocked by Mike Cammalleri.
14:26 of 1st period - Slapshot by John Klingberg.
14:26 of 1st period - Stopped by Cory Schneider with a rebound.
14:44 of 1st period - Braydon Coburn is hit by Robert Nilsson and loses puck.
16:16 of 1st period - Snap shot by Brandon Saad.
16:16 of 1st period - Shot Blocked by Jason Akeson.
16:45 of 1st period - Jeff Schultz is hit by Brayden Schenn and loses puck.
17:15 of 1st period - Ilya Kovalchuk is hit by Brandon Saad and loses puck.
17:32 of 1st period - Brandon Gormley is hit by Andre Burakovsky and loses puck.
17:59 of 1st period - Robert Nilsson is hit by Jon Merrill and loses puck.
18:43 of 1st period - Yann Sauvé is hit by Andre Burakovsky and loses puck.
18:52 of 1st period - Snap shot by Andre Burakovsky.
18:52 of 1st period - Shot Misses the Net.
18:54 of 1st period - Wrist shot by Jake Guentzel.
18:54 of 1st period - Goal by Jake Guentzel - Canucks : 0 - Maple Leafs : 3.
18:55 of 1st period - Robert Nilsson wins face-off versus Brayden Schenn in neutral zone.
18:59 of 1st period - Minor Penalty to Patrick Kane for Hooking.
19:00 of 1st period - Robert Nilsson wins face-off versus Brayden Schenn in Maple Leafs zone.
19:03 of 1st period - Slapshot by Robert Nilsson.
19:03 of 1st period - Stopped by John Gibson without a rebound.
19:04 of 1st period - Robert Nilsson wins face-off versus Brayden Schenn in Maple Leafs zone.
19:19 of 1st period - Slapshot by Robert Nilsson.
19:19 of 1st period - Stopped by John Gibson with a rebound.
19:39 of 1st period - Snap shot by Robert Nilsson.
19:39 of 1st period - Shot Misses the Net.
19:41 of 1st period - Snap shot by Sam Gagner.
19:41 of 1st period - Shot Blocked by Jon Merrill.
19:43 of 1st period - Slapshot by Alex Goligoski.
19:43 of 1st period - Shot Blocked by Brayden Schenn.
19:45 of 1st period - Slapshot by Robert Nilsson.
19:45 of 1st period - Shot Misses the Net.
19:47 of 1st period - Snap shot by Sam Gagner.
19:47 of 1st period - Shot Blocked by Braydon Coburn.
19:49 of 1st period - Snap shot by Alex Goligoski.
19:49 of 1st period - Goal by Alex Goligoski - Canucks : 1 - Maple Leafs : 3.
19:50 of 1st period - Cody Eakin wins face-off versus Bo Horvat in neutral zone.
19:53 of 1st period - Slapshot by Alex Goligoski.
19:53 of 1st period - Deflect By Ben Smith.
19:53 of 1st period - Stopped by John Gibson with a rebound.
19:55 of 1st period - Slapshot by Brandon Gormley.
19:55 of 1st period - Shot Blocked by Jake Guentzel.
19:57 of 1st period - Wrist shot by Ben Smith.
19:57 of 1st period - Shot Blocked by Hampus Lindholm.
Goals for this period are 1 for Canucks vs 3 for Maple Leafs.
Shots for this period are 9 for Canucks vs 14 for Maple Leafs.
2nd period
0:01 of 2nd period - Brayden Schenn wins face-off versus Robert Nilsson in neutral zone.
0:04 of 2nd period - Slapshot by John Klingberg.
0:04 of 2nd period - Stopped by Cory Schneider with a rebound.
0:10 of 2nd period - Slapshot by Brandon Gormley.
0:10 of 2nd period - Stopped by John Gibson without a rebound.
0:11 of 2nd period - Brayden Schenn wins face-off versus Robert Nilsson in Maple Leafs zone.
0:26 of 2nd period - Snap shot by Patrick Kane.
0:26 of 2nd period - Stopped by Cory Schneider with a rebound.
0:28 of 2nd period - Backhand shot by Brayden Schenn.
0:28 of 2nd period - Stopped by Cory Schneider without a rebound.
0:29 of 2nd period - Bo Horvat wins face-off versus Robert Nilsson in Canucks zone.
0:30 of 2nd period - Wrist shot by Andre Burakovsky.
0:30 of 2nd period - Stopped by Cory Schneider without a rebound.
0:31 of 2nd period - Robert Nilsson wins face-off versus Bo Horvat in Canucks zone.
1:42 of 2nd period - Wrist shot by Sam Gagner.
1:42 of 2nd period - Shot Misses the Net.
1:44 of 2nd period - Snap shot by Robert Nilsson.
1:44 of 2nd period - Stopped by John Gibson without a rebound.
1:45 of 2nd period - Patrice Cormier wins face-off versus Robert Nilsson in Maple Leafs zone.
2:08 of 2nd period - Tim Schaller is hit by Ben Smith and loses puck.
2:13 of 2nd period - Slapshot by Ben Smith.
2:13 of 2nd period - Stopped by John Gibson with a rebound.
2:15 of 2nd period - Snap shot by Jeff Schultz.
2:15 of 2nd period - Stopped by John Gibson without a rebound.
2:16 of 2nd period - Brayden Schenn wins face-off versus Sam Gagner in Maple Leafs zone.
2:20 of 2nd period - Off-side.
2:21 of 2nd period - Brayden Schenn wins face-off versus Robert Nilsson in neutral zone.
2:50 of 2nd period - Snap shot by Andre Burakovsky.
2:50 of 2nd period - Shot Misses the Net.
3:01 of 2nd period - Minor Penalty to Mike Cammalleri for Tripping.
3:02 of 2nd period - Robert Nilsson wins face-off versus Brayden Schenn in Canucks zone.
3:49 of 2nd period - Icing by Brayden Schenn.
3:50 of 2nd period - Robert Nilsson wins face-off versus Claude Giroux in Maple Leafs zone.
3:59 of 2nd period - Ilya Kovalchuk is hit by Jake Guentzel and loses puck.
5:01 of 2nd period - Penalty to Mike Cammalleri is over, Mike Cammalleri is back on ice.
5:05 of 2nd period - Cam Barker is hit by Beau Bennett and loses puck.
5:12 of 2nd period - Wrist shot by Beau Bennett.
5:12 of 2nd period - Stopped by Cory Schneider without a rebound.
5:13 of 2nd period - Logan Couture wins face-off versus Cody Eakin in Canucks zone.
5:14 of 2nd period - Wrist shot by Beau Bennett.
5:14 of 2nd period - Stopped by Cory Schneider without a rebound.
5:15 of 2nd period - Mike Cammalleri wins face-off versus Logan Couture in Canucks zone.
5:21 of 2nd period - Minor Penalty to Brandon Gormley for Holding.
5:22 of 2nd period - Brayden Schenn wins face-off versus Robert Nilsson in Canucks zone.
5:48 of 2nd period - John Klingberg is hit by Cody Eakin and loses puck.
6:33 of 2nd period - Robert Nilsson is hit by Hampus Lindholm and loses puck.
6:53 of 2nd period - Andre Burakovsky is hit by Ben Smith and loses puck.
7:04 of 2nd period - Slapshot by Hampus Lindholm.
7:04 of 2nd period - Shot Blocked by Michael Kostka.
7:16 of 2nd period - Bo Horvat is hit by Alex Goligoski.
7:21 of 2nd period - Penalty to Brandon Gormley is over, Brandon Gormley is back on ice.
7:27 of 2nd period - Off-side.
7:28 of 2nd period - Cody Eakin wins face-off versus Brayden Schenn in neutral zone.
7:36 of 2nd period - Off-side.
7:37 of 2nd period - Cody Eakin wins face-off versus Brayden Schenn in neutral zone.
7:50 of 2nd period - Slapshot by Jon Merrill.
7:50 of 2nd period - Shot Blocked by Mike Cammalleri.
8:33 of 2nd period - Snap shot by Patrice Cormier.
8:33 of 2nd period - Stopped by Cory Schneider with a rebound.
9:04 of 2nd period - Alex Goligoski is hit by Logan Couture and loses puck.
9:21 of 2nd period - Jake Guentzel is hit by Robert Nilsson and loses puck.
9:29 of 2nd period - Bo Horvat is hit by Alex Goligoski and loses puck.
10:03 of 2nd period - Jeff Schultz is hit by Logan Couture and loses puck.
10:20 of 2nd period - Sam Gagner is hit by Patrick Kane and loses puck.
10:45 of 2nd period - Snap shot by Hampus Lindholm.
10:45 of 2nd period - Shot Misses the Net.
11:01 of 2nd period - Ilya Kovalchuk is hit by Beau Bennett and loses puck.
11:06 of 2nd period - Slapshot by Beau Bennett.
11:06 of 2nd period - Shot Misses the Net.
11:08 of 2nd period - Slapshot by Braydon Coburn.
11:08 of 2nd period - Shot Misses the Net.
11:10 of 2nd period - Wrist shot by Beau Bennett.
11:10 of 2nd period - Stopped by Cory Schneider with a rebound.
11:12 of 2nd period - Slapshot by John Klingberg.
11:12 of 2nd period - Shot Blocked by Sam Gagner.
11:26 of 2nd period - Robert Nilsson is hit by Tim Schaller and loses puck.
11:43 of 2nd period - Slapshot by Michael Kostka.
11:43 of 2nd period - Stopped by John Gibson without a rebound.
11:44 of 2nd period - Brayden Schenn wins face-off versus Cody Eakin in Maple Leafs zone.
11:48 of 2nd period - Off-side.
11:49 of 2nd period - Cody Eakin wins face-off versus Brayden Schenn in neutral zone.
12:02 of 2nd period - Snap shot by Claude Giroux.
12:02 of 2nd period - Stopped by Cory Schneider with a rebound.
12:25 of 2nd period - Icing by Alex Goligoski.
12:26 of 2nd period - Maxim Talbot wins face-off versus Patrick Kane in Canucks zone.
12:33 of 2nd period - Slapshot by Jason Akeson.
12:33 of 2nd period - Stopped by John Gibson without a rebound.
12:34 of 2nd period - Cody Eakin wins face-off versus Brayden Schenn in Maple Leafs zone.
12:35 of 2nd period - Snap shot by Ben Smith.
12:35 of 2nd period - Shot Misses the Net.
13:10 of 2nd period - Jake Guentzel is hit by Robert Nilsson and loses puck.
13:43 of 2nd period - John Klingberg is hit by Cody Eakin and loses puck.
13:50 of 2nd period - Brandon Gormley is hit by Patrice Cormier and loses puck.
14:15 of 2nd period - Wrist shot by Denis Gurianov.
14:15 of 2nd period - Stopped by John Gibson without a rebound.
14:16 of 2nd period - Antoine Vermette wins face-off versus Bo Horvat in Maple Leafs zone.
14:19 of 2nd period - Snap shot by Antoine Vermette.
14:19 of 2nd period - Shot Blocked by Andre Burakovsky.
14:21 of 2nd period - Wrist shot by Robert Nilsson.
14:21 of 2nd period - Shot Misses the Net.
14:43 of 2nd period - Michael Kostka is hit by Patrick Kane and loses puck.
14:57 of 2nd period - Off-side.
14:58 of 2nd period - Logan Couture wins face-off versus Maxim Talbot in neutral zone.
15:20 of 2nd period - Slapshot by John Klingberg.
15:20 of 2nd period - Stopped by Cory Schneider with a rebound.
15:32 of 2nd period - Snap shot by Beau Bennett.
15:32 of 2nd period - Stopped by Cory Schneider with a rebound.
15:34 of 2nd period - Slapshot by Jon Merrill.
15:34 of 2nd period - Shot Misses the Net.
16:02 of 2nd period - Slapshot by Logan Couture.
16:02 of 2nd period - Shot Misses the Net.
16:04 of 2nd period - Wrist shot by Brandon Saad.
16:04 of 2nd period - Shot Blocked by Sam Gagner.
16:06 of 2nd period - Slapshot by Beau Bennett.
16:06 of 2nd period - Stopped by Cory Schneider with a rebound.
16:08 of 2nd period - Wrist shot by Logan Couture.
16:08 of 2nd period - Goal by Logan Couture - Canucks : 1 - Maple Leafs : 4.
16:09 of 2nd period - Brayden Schenn wins face-off versus Cody Eakin in neutral zone.
16:23 of 2nd period - Wrist shot by Cody Eakin.
16:23 of 2nd period - Stopped by John Gibson with a rebound.
16:25 of 2nd period - Slapshot by Jeff Schultz.
16:25 of 2nd period - Shot Misses the Net.
16:31 of 2nd period - Minor Penalty to Claude Giroux for High sticking.
16:32 of 2nd period - Brayden Schenn wins face-off versus Robert Nilsson in Maple Leafs zone.
16:42 of 2nd period - Slapshot by Alex Goligoski.
16:42 of 2nd period - Stopped by John Gibson without a rebound.
16:43 of 2nd period - Robert Nilsson wins face-off versus Brayden Schenn in Maple Leafs zone.
16:46 of 2nd period - Wrist shot by Sam Gagner.
16:46 of 2nd period - Stopped by John Gibson with a rebound.
16:48 of 2nd period - Slapshot by Jeff Schultz.
16:48 of 2nd period - Stopped by John Gibson without a rebound.
16:49 of 2nd period - Brayden Schenn wins face-off versus Robert Nilsson in Maple Leafs zone.
17:04 of 2nd period - Wrist shot by Robert Nilsson.
17:04 of 2nd period - Stopped by John Gibson without a rebound.
17:05 of 2nd period - Robert Nilsson wins face-off versus Brayden Schenn in Maple Leafs zone.
17:06 of 2nd period - Slapshot by Sam Gagner.
17:06 of 2nd period - Shot Misses the Net.
17:08 of 2nd period - Slapshot by Robert Nilsson.
17:08 of 2nd period - Shot Misses the Net.
17:10 of 2nd period - Slapshot by Alex Goligoski.
17:10 of 2nd period - Deflect By Jon Merrill.
17:10 of 2nd period - Stopped by John Gibson without a rebound.
17:11 of 2nd period - Brayden Schenn wins face-off versus Robert Nilsson in Maple Leafs zone.
17:46 of 2nd period - Snap shot by Ben Smith.
17:46 of 2nd period - Shot Misses the Net.
18:31 of 2nd period - Penalty to Claude Giroux is over, Claude Giroux is back on ice.
18:45 of 2nd period - Alex Goligoski is hit by Zach Werenski and loses puck.
19:41 of 2nd period - Andre Burakovsky is hit by Cam Barker and loses puck.
Goals for this period are 0 for Canucks vs 1 for Maple Leafs.
Shots for this period are 13 for Canucks vs 13 for Maple Leafs.
3rd period
0:01 of 3rd period - Brayden Schenn wins face-off versus Robert Nilsson in neutral zone.
0:08 of 3rd period - Snap shot by Patrick Kane.
0:08 of 3rd period - Stopped by Cory Schneider without a rebound.
0:09 of 3rd period - Brayden Schenn wins face-off versus Robert Nilsson in Canucks zone.
0:36 of 3rd period - Patrick Kane is hit by Ilya Kovalchuk and loses puck.
1:00 of 3rd period - Backhand shot by Patrick Kane.
1:00 of 3rd period - Shot Blocked by Ilya Kovalchuk.
1:02 of 3rd period - Slapshot by Hampus Lindholm.
1:02 of 3rd period - Stopped by Cory Schneider with a rebound.
1:04 of 3rd period - Backhand shot by Brayden Schenn.
1:04 of 3rd period - Stopped by Cory Schneider without a rebound.
1:05 of 3rd period - Andre Burakovsky wins face-off versus Cody Eakin in Canucks zone.
1:20 of 3rd period - Slapshot by Cody Eakin.
1:20 of 3rd period - Shot Misses the Net.
1:58 of 3rd period - Slapshot by Zach Werenski.
1:58 of 3rd period - Stopped by Cory Schneider with a rebound.
3:11 of 3rd period - Wrist shot by Beau Bennett.
3:11 of 3rd period - Stopped by Cory Schneider with a rebound.
3:15 of 3rd period - Snap shot by Beau Bennett.
3:15 of 3rd period - Stopped by Cory Schneider without a rebound.
3:15 of 3rd period - Minor Penalty to Cory Schneider for Slashing.
3:16 of 3rd period - Brayden Schenn wins face-off versus Robert Nilsson in Canucks zone.
3:56 of 3rd period - Snap shot by Andre Burakovsky.
3:56 of 3rd period - Shot Blocked by Cam Barker.
4:59 of 3rd period - Icing by John Klingberg.
5:00 of 3rd period - Ben Smith wins face-off versus Brayden Schenn in Maple Leafs zone.
5:12 of 3rd period - Snap shot by Cody Eakin.
5:12 of 3rd period - Stopped by John Gibson without a rebound.
5:13 of 3rd period - Robert Nilsson wins face-off versus Bo Horvat in Maple Leafs zone.
5:15 of 3rd period - Penalty to Yann Sauvé is over, Yann Sauvé is back on ice.
5:18 of 3rd period - Wrist shot by Ilya Kovalchuk.
5:18 of 3rd period - Stopped by John Gibson without a rebound.
5:19 of 3rd period - Bo Horvat wins face-off versus Robert Nilsson in Maple Leafs zone.
6:26 of 3rd period - Alex Goligoski is hit by Andre Burakovsky.
6:36 of 3rd period - Snap shot by Andre Burakovsky.
6:36 of 3rd period - Shot Blocked by Jason Akeson.
6:46 of 3rd period - Wrist shot by Maxim Talbot.
6:46 of 3rd period - Stopped by John Gibson with a rebound.
6:50 of 3rd period - Snap shot by Robert Nilsson.
6:50 of 3rd period - Shot Misses the Net.
6:52 of 3rd period - Snap shot by Robert Nilsson.
6:52 of 3rd period - Deflect By Ilya Kovalchuk.
6:52 of 3rd period - Stopped by John Gibson with a rebound.
6:54 of 3rd period - Wrist shot by Alex Goligoski.
6:54 of 3rd period - Shot Blocked by Zach Werenski.
7:16 of 3rd period - Wrist shot by Ben Smith.
7:16 of 3rd period - Stopped by John Gibson with a rebound.
7:42 of 3rd period - Slapshot by Patrick Kane.
7:42 of 3rd period - Stopped by Cory Schneider without a rebound.
7:43 of 3rd period - Bo Horvat wins face-off versus Cody Eakin in Canucks zone.
8:04 of 3rd period - Minor Penalty to Hampus Lindholm for Tripping.
8:05 of 3rd period - Sam Gagner wins face-off versus Brayden Schenn in Maple Leafs zone.
8:16 of 3rd period - Slapshot by Robert Nilsson.
8:16 of 3rd period - Stopped by John Gibson with a rebound.
8:18 of 3rd period - Wrist shot by Robert Nilsson.
8:18 of 3rd period - Stopped by John Gibson without a rebound.
8:19 of 3rd period - Robert Nilsson wins face-off versus Brayden Schenn in Maple Leafs zone.
9:00 of 3rd period - Icing by Denis Gurianov.
9:01 of 3rd period - Robert Nilsson wins face-off versus Brayden Schenn in Canucks zone.
10:02 of 3rd period - Mike Cammalleri is hit by Jake Guentzel and loses puck.
10:04 of 3rd period - Penalty to Hampus Lindholm is over, Hampus Lindholm is back on ice.
10:07 of 3rd period - Slapshot by John Klingberg.
10:07 of 3rd period - Stopped by Cory Schneider without a rebound.
10:08 of 3rd period - Robert Nilsson wins face-off versus Logan Couture in Canucks zone.
10:15 of 3rd period - Beau Bennett is hit by Robert Nilsson and loses puck.
10:26 of 3rd period - Minor Penalty to Beau Bennett for Hooking.
10:27 of 3rd period - Robert Nilsson wins face-off versus Brayden Schenn in Maple Leafs zone.
10:30 of 3rd period - Snap shot by Sam Gagner.
10:30 of 3rd period - Stopped by John Gibson with a rebound.
10:32 of 3rd period - Slapshot by Robert Nilsson.
10:32 of 3rd period - Goal by Robert Nilsson - Canucks : 2 - Maple Leafs : 4.
10:33 of 3rd period - Brayden Schenn wins face-off versus Robert Nilsson in neutral zone.
10:36 of 3rd period - Snap shot by Patrick Kane.
10:36 of 3rd period - Shot Misses the Net.
10:40 of 3rd period - Snap shot by Claude Giroux.
10:40 of 3rd period - Shot Misses the Net.
10:42 of 3rd period - Snap shot by Brayden Schenn.
10:42 of 3rd period - Stopped by Cory Schneider without a rebound.
10:43 of 3rd period - Brayden Schenn wins face-off versus Robert Nilsson in Canucks zone.
10:48 of 3rd period - Wrist shot by Patrick Kane.
10:48 of 3rd period - Stopped by Cory Schneider without a rebound.
10:49 of 3rd period - Robert Nilsson wins face-off versus Brayden Schenn in Canucks zone.
11:04 of 3rd period - Slapshot by Brandon Gormley.
11:04 of 3rd period - Stopped by John Gibson without a rebound.
11:05 of 3rd period - Sam Gagner wins face-off versus Bo Horvat in Maple Leafs zone.
11:20 of 3rd period - Snap shot by Andre Burakovsky.
11:20 of 3rd period - Stopped by Cory Schneider with a rebound.
11:55 of 3rd period - Snap shot by Hampus Lindholm.
11:55 of 3rd period - Deflect By Logan Couture.
11:55 of 3rd period - Shot Misses the Net.
11:55 of 3rd period - Puck is out of play.
11:56 of 3rd period - Maxim Talbot wins face-off versus Logan Couture in Canucks zone.
12:12 of 3rd period - Minor Penalty to Jason Akeson for Elbowing.
12:13 of 3rd period - Robert Nilsson wins face-off versus Brayden Schenn in Canucks zone.
12:19 of 3rd period - Robert Nilsson is hit by Patrick Kane and loses puck.
12:44 of 3rd period - Jake Guentzel is hit by Robert Nilsson and loses puck.
14:12 of 3rd period - Penalty to Jason Akeson is over, Jason Akeson is back on ice.
14:14 of 3rd period - Off-side.
14:15 of 3rd period - Logan Couture wins face-off versus Cody Eakin in neutral zone.
15:07 of 3rd period - Tim Schaller is hit by Jason Akeson and loses puck.
15:22 of 3rd period - Bo Horvat is hit by Cody Eakin and loses puck.
15:39 of 3rd period - Wrist shot by Patrick Kane.
15:39 of 3rd period - Stopped by Cory Schneider with a rebound.
16:07 of 3rd period - Ben Smith is hit by Andre Burakovsky and loses puck.
17:48 of 3rd period - Icing by Hampus Lindholm.
17:49 of 3rd period - Cody Eakin wins face-off versus Jake Guentzel in Maple Leafs zone.
18:02 of 3rd period - Slapshot by Hampus Lindholm.
18:02 of 3rd period - Deflect By Brandon Saad.
18:02 of 3rd period - Shot Misses the Net.
18:02 of 3rd period - Puck is out of play.
18:03 of 3rd period - Robert Nilsson wins face-off versus Logan Couture in Canucks zone.
Goals for this period are 1 for Canucks vs 0 for Maple Leafs.
Shots for this period are 10 for Canucks vs 12 for Maple Leafs.